 Dungeon Crawl Stone Soup version 0.31.0-9-g3a7656b989 (console) character file.

Game seed: 639520783985827053

9212 AlterAsc the Slicer (level 11, -9/60 HPs)
             Began as a Vampire Enchanter on Jan 29, 2024.
             Was a Priest of Wu Jian.
             Mangled by a warg (17 damage)
             ... on level 10 of the Dungeon.
             The game lasted 00:33:01 (10491 turns).

AlterAsc the Slicer (Vampire Enchanter)            Turns: 10491, Time: 00:33:01

Health: -9/60      AC:  8    Str:  7    XL:     11   Next: 20%
Magic:  13/15      EV: 12    Int: 22    God:    Wu Jian [***...]
Gold:   583        SH:  5    Dex: 15    Spells: 8/16 levels left

rFire   + . .        E - +0 dagger (venom)
rCold   + + .        (no shield)
rNeg    + + +        P - +0 steam dragon scales
rPois   ∞            y - +0 helmet
rElec   .            S - +0 cloak
rCorr   .            v - +0 pair of gloves
SInv    +            (no boots)
Will    ++...        h - amulet of reflection
Stlth   +++++++      C - ring of protection from fire
HPRegen 0.00/turn    J - ring of willpower
MPRegen 0.14/turn

%: reflection
@: about to teleport, bloodless, inhibited regen
A: bloodless, fangs 3, see invisible, vampiric 2
a: Bat Form, Revivify, Renounce Religion, Wall Jump, Serpent's Lash


You were on level 10 of the Dungeon.
You worshipped Wu Jian.
Wu Jian was most pleased with you.
You visited 2 branches of the dungeon, and saw 11 of its levels.
You also visited: Ossuary.

You collected 643 gold pieces.
You spent 60 gold pieces at shops.

Inventory:

Hand Weapons
 a - a +1 dagger
 E - a +0 dagger of venom (weapon)
Missiles
 K - 6 poisoned darts (quivered)
Armour
 b - a +0 robe
 v - a +0 pair of gloves (worn)
 y - a +0 helmet (worn)
 P - +0 steam dragon scales (worn)
 S - a +0 cloak (worn)
Jewellery
 h - an amulet of reflection (around neck)
 C - a ring of protection from fire (left hand)
 J - a ring of willpower (right hand)
 M - a ring of resist corrosion
 N - the amulet of the Air {Inacc Air Fly rElec RMsl}
   (You found it on level 8 of the Dungeon)

   [amulet of nothing]

   Inacc:     It reduces the accuracy of your attacks and spells.
   Air:       It enhances your air magic.
   rElec:     It insulates you from electricity.
   Fly:       It grants you flight.
   RMsl:      It protects you from missiles.
 R - a ring of ice
Wands
 g - a wand of paralysis (3)
 j - a wand of iceblast (28)
 I - a wand of polymorph (8)
 L - a wand of acid (4)
Scrolls
 d - 2 scrolls of amnesia
 f - 2 scrolls of enchant armour
 k - 3 scrolls of immolation
 l - 4 scrolls of vulnerability
 m - a scroll of revelation
 s - 3 scrolls of enchant weapon
 x - a scroll of blinking
 z - a scroll of noise {unknown}
 A - 3 scrolls of torment
 B - a scroll of teleportation
 D - a scroll of fog {unknown}
 G - a scroll of fear {unknown}
 O - a scroll of poison {unknown}
 Q - a scroll of brand weapon {unknown}
Potions
 c - 2 potions of invisibility
 e - a potion of might
 i - 3 potions of haste
 n - a potion of brilliance {unknown}
 o - a potion of resistance {unknown}
 p - 3 potions of berserk rage {unknown}
 q - a potion of degeneration {unknown}
 r - 2 potions of mutation {unknown}
 t - 2 potions of cancellation {unknown}
 u - 3 potions of heal wounds {unknown}
 w - 3 potions of curing {unknown}
 F - a potion of magic {unknown}
 H - 3 potions of lignification {unknown}


   Skills:
 - Level 3.0 Fighting
 + Level 13.2 Short Blades
 - Level 2.1 Dodging
 - Level 12.9 Stealth
 - Level 3.0 Spellcasting
 - Level 13.1 Hexes
 - Level 1.0 Ice Magic


You had 8 spell levels left.
You knew the following spells:

 Your Spells              Type           Power      Damage    Failure   Level
a - Ensorcelled Hibernat  Hex/Ice        68%        N/A       1%          2
b - Confusing Touch       Hex            57%        N/A       1%          3
c - Tukima's Dance        Hex            57%        N/A       1%          3

Your spell library contained the following spells:

 Spells                   Type           Power      Damage    Failure   Level
 Slow                     Hex            100%       N/A       1%          1
 Sigil of Binding         Hex            57%        N/A       1%          3
 Dazzling Flash           Conj/Hex       64%        N/A       2%          3
 Kiss of Death            Conj/Necr      12%        2d6       12%         1
 Necrotise                Necr           12%        1d4       12%         1
 Vampiric Draining        Necr           3%         2d6       36%         3
 Dispel Undead            Necr           3%         3d7       77%         4
 Martyr's Knell           Necr/Summ      3%         N/A       77%         4
 Curse of Agony           Necr           3%         N/A       98%         5


Dungeon Overview and Level Annotations

Branches:
Dungeon (10/15)            Temple (1/1) D:4         Ossuary (visited)
   Lair: D:8-11         Orc: D:9-12

Altars:
Ashenzari
Cheibriados
Dithmenos
Fedhas
Hepliaklqana
Kikubaaqudgha
Makhleb
Nemelex Xobeh
Okawaru
Qazlal
Ru
Sif Muna
Trog
Uskayaw
Vehumet
Wu Jian
Yredelemnul

Shops:
D:3 (***?   D:5 [[*!   D:9 ?

Annotations:
D:10 3 runed translucent doors, Borsukrates's ghost, journeyman VSGl


Innate Abilities, Weirdness & Mutations

You do not regenerate when monsters are visible.
You are frail without blood (-20% HP).
You can heal yourself when you bite living creatures.
You are immune to poison.
You have razor-sharp teeth.
You have supernaturally acute eyesight. (SInv)
You are afflicted with vampirism and can become a bat while bloodless.


Message History

Casting: Ensorcelled Hibernation (safe; 1% risk of failure)
Confirm with . or Enter, or press ? or * to list all spells.
Aiming: Ensorcelled Hibernation (safe; 1% risk of failure)
Press: ? - help, Shift-Dir - straight line, f - warg
Aim: a warg (lightly wounded, chance to affect: 45%)
The warg looks drowsy...
The helpless warg fails to defend itself.
You bite the warg, and draw its blood!
You feel better.
You stick the warg like a pincushion!!!!
You kill the warg!
The Council accepts your kill.
The howler monkey hoots and howls with incredible vigour!
You block the warg's attack.
You hear a shout! x2
You lunge at the warg, in a flurry of attacks.
You closely miss the warg. You barely miss the warg.
You spin and attack the warg repeatedly.
You hit the warg but do no damage.
The warg is poisoned.
You hit the warg but do no damage.
You spin and attack the warg repeatedly.
You closely miss the warg. You hit the warg.
The warg is lightly wounded.
The warg bites you but does no damage. x2; You block the warg's attack.
The warg bites you! The howler monkey barely misses you.
You see here a warg corpse.
You spin and attack the warg repeatedly.
You closely miss the warg.
The warg is lightly wounded.
You hit the warg but do no damage.
The warg is lightly wounded.
You spin and attack the warg repeatedly.
You hit the warg but do no damage.
The warg is poisoned.
The warg is lightly wounded.
You barely miss the warg.
The warg is lightly wounded.
The warg bites you! You block the warg's attack. The warg misses you.
The warg closely misses you.
As you read the scroll of teleportation, it crumbles to dust.
You feel strangely unstable. The warg closely misses you.
The warg bites you but does no damage. The warg bites you!
* * * LOW HITPOINT WARNING * * *
The warg bites you!
You die...

###########################
....P...........@hh††......
............P...hh†........
..~~~≈≈≈~~~†~~≈~≈~~~~≈~~≈≈~
..~~≈≈≈≈~≈≈≈~≈≈≈≈≈≈≈≈≈~≈≈≈≈
..~≈#####~~~~~≈~~~~~~~~≈~~~
..~≈#.gK#..................
..~≈#.o.###################
..≈≈###+# ..~≈~.# ..≈≈~.#
..~≈~.#


You could see 3 wargs and a howler monkey (very poisoned).

Vanquished Creatures
  Fannar (D:10)
  Maurice (D:10)
  2 trolls
  Grinder (D:3)
  Sigmund (D:6)
  A shadow (D:10)
  A wyvern (D:9)
  A wraith (D:9)
  14 yaks
  5 wargs (D:10)
  4 steam dragons
  A water moccasin (D:7)
  3 sky beasts
  2 ice beasts (D:8)
  A black bear (D:6)
  An ogre (D:5)
  2 centaurs
  An elephant zombie (D:8)
  3 phantoms
  4 bullfrogs
  A kobold brigand (D:8)
  A gnoll sergeant (D:6)
  6 water moccasin zombies (Ossuary)
  2 scorpions (D:6)
  5 wights (D:7)
  A burial acolyte (Ossuary)
  4 killer bees (D:8)
  11 howler monkeys
  A bombardier beetle (D:7)
  2 centaur zombies (D:8)
  A hound (D:6)
  A spectral scorpion (Ossuary)
  A human zombie (D:8)
  2 orc priests (D:10)
  2 jellies (D:5)
  2 scorpion zombies (D:8)
  4 iguanas
  3 orc wizards
  A bullfrog simulacrum (Ossuary)
  An ogre zombie (D:8)
  3 hound zombies (D:8)
  2 mummies (Ossuary)
  A howler monkey zombie (D:8)
  6 gnolls
  5 adders
  4 white imps
  12 adder zombies
  2 dart slugs
  14 orcs
  8 ball pythons
  9 bats
  6 endoplasms
  7 giant cockroaches
  5 gnoll zombies (Ossuary)
  7 goblins
  5 hobgoblins
  2 jackals (D:3)
  2 quokkas
  2 frilled lizards
  3 jackal zombies (Ossuary)
  10 kobolds
  5 orc zombies (Ossuary)
  2 rats (D:3)
224 creatures vanquished.

Vanquished Creatures (others)
  A killer bee zombie (D:8)
1 creature vanquished.

Grand Total: 225 creatures vanquished

Notes
Turn   | Place    | Note
-------+----------+-------------------------------------------
     0 | D:1      | AlterAsc the Vampire Enchanter began the quest for the Orb.
     0 | D:1      | Reached XP level 1. HP: 13/13 MP: 3/3
    21 | D:1      | Reached skill level 5 in Stealth
    21 | D:1      | Reached XP level 2. HP: 18/19 MP: 5/5
    27 | D:1      | Reached skill level 5 in Hexes
    32 | D:1      | Learned a level 2 spell: Ensorcelled Hibernation
   157 | D:1      | Found a faded altar of an unknown god.
   676 | D:2      | Gained mutation: You are afflicted with vampirism and can
                  | become a bat while bloodless. [Vampire growth]
   676 | D:2      | Reached XP level 3. HP: 19/19 MP: 1/6
   762 | D:2      | Learned a level 3 spell: Confusing Touch
  1641 | D:3      | Found Rabewoe's General Store.
  1645 | D:3      | Bought a scroll of vulnerability for 40 gold pieces
  1645 | D:3      | Bought a scroll of identify for 20 gold pieces
  1661 | D:3      | Found Xeulib's Assorted Antiques.
  1699 | D:3      | Noticed Grinder
  1705 | D:3      | Paralysed by Grinder for 2 turns
  1714 | D:3      | Reached XP level 4. HP: 24/24 MP: 2/7
  1726 | D:3      | Killed Grinder
  1727 | D:3      | Reached skill level 1 in Ice Magic
  1727 | D:3      | Reached XP level 5. HP: 28/28 MP: 3/9
  1727 | D:3      | Reached XP level 6. HP: 32/32 MP: 3/10
  1873 | D:3      | Found Reykail's Magic Scroll Emporium.
  2006 | D:3      | Found Arodefey's General Store.
  2038 | D:3      | Found a basalt altar of Yredelemnul.
  2039 | D:3      | Found a shadowy altar of Dithmenos.
  2042 | D:3      | Found a sparkling altar of Nemelex Xobeh.
  2056 | D:3      | Found Kophuod's Weapon Shoppe.
  2270 | D:4      | Found a sand-covered staircase.
  2278 | Ossuary  | Entered an ossuary
  2933 | Ossuary  | Reached XP level 7. HP: 29/36 MP: 7/11
  3728 | D:4      | Found a staircase to the Ecumenical Temple.
  3737 | Temple   | Entered the Ecumenical Temple
  3761 | Temple   | Became a worshipper of the Wu Jian Council
  3869 | D:4      | Found a stormy altar of Qazlal.
  4079 | D:4      | Found a broken altar of Ashenzari.
  4186 | D:4      | Learned a level 3 spell: Tukima's Dance
  4417 | D:5      | Entered Level 5 of the Dungeon
  4510 | D:5      | Found Teawk's General Store.
  4512 | D:5      | Found Kowaop's Distillery.
  4512 | D:5      | Found Zoeloh's Armour Shop.
  4630 | D:5      | Noticed a troll
  4636 | D:5      | Killed a troll
  4637 | D:5      | Reached skill level 5 in Short Blades
  4637 | D:5      | Reached XP level 8. HP: 41/41 MP: 12/12
  4820 | D:5      | Found a blossoming altar of Fedhas.
  4834 | D:5      | Found an ancient bone altar of Kikubaaqudgha.
  4968 | D:5      | Found Bisigoipymo's Antique Armour Shoppe.
  4989 | D:5      | Reached skill level 10 in Hexes
  5422 | D:6      | Noticed Sigmund
  5428 | D:6      | Killed Sigmund
  5429 | D:6      | Reached skill level 1 in Fighting
  5680 | D:6      | Reached * piety under Wu Jian
  5686 | D:6      | Reached XP level 9. HP: 48/48 MP: 5/13
  6899 | D:7      | Reached skill level 10 in Short Blades
  7121 | D:7      | Reached skill level 10 in Stealth
  8078 | D:8      | Reached ** piety under Wu Jian
  8081 | D:8      | Reached XP level 10. HP: 56/56 MP: 11/14
  8300 | D:8      | Found an ancient bone altar of Kikubaaqudgha.
  8314 | D:8      | Found the amulet of the Air {Inacc Air Fly rElec RMsl}
  8970 | D:9      | Found a snail-covered altar of Cheibriados.
  8970 | D:9      | Found a bloodstained altar of Trog.
  9214 | D:9      | Found an iron altar of Okawaru.
  9737 | D:9      | Found Beomomp's Magic Scroll Emporium.
  9862 | D:10     | Entered Level 10 of the Dungeon
  9870 | D:10     | Found a runed translucent gate.
  9870 | D:10     | Noticed an 11-headed hydra
  9871 | D:10     | Found a runed translucent gate.
  9872 | D:10     | Found a runed translucent gate.
  9875 | D:10     | Noticed a ten-headed hydra
  9876 | D:10     | Noticed Borsukrates's ghost (journeyman VSGl)
 10126 | D:10     | Noticed Fannar
 10132 | D:10     | Killed Fannar
 10181 | D:10     | Reached XP level 11. HP: 60/60 MP: 10/15
 10421 | D:10     | Noticed Maurice
 10428 | D:10     | Killed Maurice
 10482 | D:10     | Reached *** piety under Wu Jian
 10491 | D:10     | Mangled by a warg

Illustrated notes

Levels and vault maps discovered:
D:1:      dpeg_arrival_boxes_within_box, layout_rooms,
          nicolae_ecumenical_snake_handling
D:2:      layout_loops_ring, chequers_arboretum
D:3:      layout_rooms, grunt_temple_overflow_open, serial_shops,
          nicolae_lakefront_shop, shop, shop, nicolae_square_shop,
          nicolae_shop_back_alley_shop, serial_curves, eino_curves_02,
          eino_curves_02, eino_curves_02, chequers_serial_rivers_micro_c,
          uniq_grinder
D:4:      layout_loops_ring, amcnicky_altar_gilded,
          mainiacjoe_overflow_24_doors, minmay_temple_entry_slanted,
          nicolae_ossuary_entry_ruins
D:5:      layout_basic, grunt_temple_overflow_growth_and_decay,
          nicolae_inconvenience_store, nicolae_sextant,
          nicolae_shop_distant_corner_stores
D:6:      layout_loops_corners, hex_large, uniq_sigmund
D:7:      layout_gridville, grunt_decor_junction,
          serial_library_hellmonk_semicircle
D:8:      layout_cave_pools, roadster_capsule_ark_zombie
D:9:      layout_long_grid, kennysheep_little_box,
          mainiacjoe_overflow_divided_tiny, serial_shops, nicolae_shop_rolled_up
D:10:     lemuel_castle_with_subvaults [lemuel_castle_interior_original],
          layout_irregular_city, gammafunk_temple_overflow_claw,
          david_lair_shrubbed, gammafunk_ghost_hydra_chop, uniq_maurice,
          uniq_urug, uniq_fannar
Temple:   pf_temple_reverse_labyrinth

Skill      XL: |  1  2  3  4  5  6  7  8  9 10 11 |
---------------+----------------------------------+-----
Stealth        | 5 7 8 9 11 12 | 12.9
Hexes          | 5 7 8 9 10 11 13 | 13.1
Spellcasting   | 3 |  3.0
Ice Magic      | 1 |  1.0
Short Blades   | 2 5 8 10 12 13 | 13.2
Fighting       | 2 3 |  3.0
Dodging        | |  2.1

Action                     |  1- 3 |  4- 6 |  7- 9 | 10-12 || total
---------------------------+-------+-------+-------+-------++-------
  Melee: Dagger            |    86 |   100 |   318 |   281 ||   785
         Bite              |     7 |    14 |    35 |    50 ||   106
         Punch             |       |     4 |     4 |     2 ||    10
  Throw: Dart              |       |       |       |     1 ||     1
   Cast: Ensorcelled Hiber |    17 |     2 |    43 |    32 ||    94
         Confusing Touch   |       |    13 |    35 |    18 ||    66
Ability: Exsanguinate      |     1 |       |       |       ||     1
         Lunge             |       |       |    43 |    19 ||    62
         Whirlwind         |       |       |     3 |    55 ||    58
  Evoke: Wand              |       |     1 |       |       ||     1
    Use: Scroll            |       |     2 |     3 |     6 ||    11
         Potion            |       |     1 |     1 |       ||     2
   Stab: Sleeping          |    25 |    13 |    61 |    29 ||   128
         Distracted        |     1 |       |       |     1 ||     2
         Paralysed         |       |     2 |       |       ||     2
         Confused          |       |     5 |    22 |    17 ||    44
 Armour: Robe              |    35 |    41 |    88 |    45 ||   209
         Steam dragon scal |       |       |       |    33 ||    33
  Dodge: Dodged            |    58 |    24 |    97 |    67 ||   246
  Block: Other             |    16 |    11 |    53 |    29 ||   109
